Map: Galaktischer Prozess LE

Players

livetoplay

  • Race: Zerg Zerg
  • League: Silver

PRØToss - Winner!

  • Race: Protoss Protoss

VOD

Have the link to the VOD?

Description

Time

  • Played on: Aug. 26, 2016, 5:18 a.m.
  • Length: 4:53
Show
View Real Time Build Order
Export as new Build Order

livetoplay Zerg 

Build Orders: Pool First 

Get SALT Encoding   

  12  0:02  Drone  
  13  0:09  Drone  
  14  0:17  Overlord  
  14  0:36  Drone x3  
  17  0:49  Spawning Pool  
  16  0:51  Drone  
  17  0:58  Drone  
  18  1:15  Hatchery  
  17  1:20  Extractor  
  17  1:21  Drone  
  17  1:24  Drone  
  18  1:38  Zergling x2  
  19  1:44  Drone  
  20  1:58  Drone  
  21  2:03  Drone  
  22  2:19  Baneling Nest, Overlord  
  21  2:26  Queen  
  23  2:34  Drone  
  23  2:35  Roach Warren  
  23  2:41  Drone x2  
  23  2:42  Drone  
  26  2:55  Drone x2  
  26  2:56  Extractor  
  22  3:13  Queen  
  23  3:38  Zergling x12  
  29  3:57  Zergling x4  
  31  4:07  Drone x5  
  36  4:16  Overlord  
  36  4:17  Overlord  
  34  4:42  Spore Crawler  
Show
View Real Time Build Order
Export as new Build Order

PRØToss Protoss - Winner!

Build Orders: Oracle Opening 

Get SALT Encoding   

  12  0:01  Probe (Chrono Boost)  
  13  0:12  Probe (Chrono Boost)  
  14  0:17  Pylon  
  14  0:22  Probe (Chrono Boost)  
  15  0:35  Probe (Chrono Boost)  
  16  0:39  Gateway  
  16  0:45  Assimilator  
  16  0:46  Probe (Chrono Boost)  
  17  0:57  Probe (Chrono Boost)  
  18  1:07  Probe (Chrono Boost)  
  18  1:10  Gateway  
  19  1:16  Assimilator  
  19  1:18  Probe (Chrono Boost)  
  20  1:26  Cybernetics Core  
  20  1:31  Probe (Chrono Boost)  
  21  1:39  Pylon  
  21  1:42  Probe (Chrono Boost)  
  22  1:52  Probe (Chrono Boost)  
  23  1:55  Warp Gate  
  23  2:01  Adept x2  
  27  2:13  Mothership Core (Chrono Boost)  
  29  2:32  Stargate  
  29  2:47  Nexus  
  29  2:53  Pylon  
  29  3:02  Probe (Chrono Boost)  
  30  3:14  Probe (Chrono Boost)  
  30  3:15  Adept x2  
  35  3:24  Pylon, Oracle  
  38  3:45  Probe (Chrono Boost)  
  40  3:56  Void Ray  
  40  3:57  Probe (Chrono Boost)  
  40  4:00  Adept x2  
  48  4:06  Probe (Chrono Boost)  
  49  4:14  Probe (Chrono Boost)  
  50  4:18  Pylon  
  50  4:19  Probe (Chrono Boost)  
  51  4:26  Adept, Probe (Chrono Boost)  
  51  4:30  Probe (Chrono Boost)  
  55  4:32  Adept  
  57  4:40  Probe (Chrono Boost)  
  57  4:41  Probe (Chrono Boost)  
Tags
 
Add a new tag
Caveats
  • Supply blocks, unpowered buildings, or Contaminate may cause inaccurate times.
  • Supply counts are checked every 10 seconds.